 Dungeon Crawl Stone Soup version 0.28-a0-8-g6e044cfa68 (webtiles) character file.

Game seed: 11162140237281192029

3959 tilp the Nimble (level 10, -7/45 HPs)
             Began as a Felid Hedge Wizard on July 23, 2021.
             Was a Follower of Vehumet.
             Mangled by a cane toad (16 damage)
             ... on level 11 of the Dungeon.
             The game lasted 00:52:31 (29581 turns).

tilp the Nimble (Felid Hedge Wizard)               Turns: 29581, Time: 00:52:31

Health: -7/45      AC:  2    Str:  6    XL:     10   Next: 2%
Magic:  15/26      EV: 23    Int: 18    God:    Vehumet [*.....]
Gold:   730        SH:  0    Dex: 17    Spells: 1/17 levels left
                                        Lives:  0   Deaths: 3

rFire   . . .      SeeInvis +     - Unarmed
rCold   . . .      Faith    .   (shield unavailable)
rNeg    . . .      Spirit   .   (armour unavailable)
rPois   +          Reflect  .   (helmet unavailable)
rElec   .          Harm     .   (cloak unavailable)
rCorr   .          Rampage  .   (gloves unavailable)
Will    +....                   (boots unavailable)
Stlth   +++.......              (no amulet)
HPRegen 0.15/turn               g - ring of magical power
MPRegen 0.20/turn               m - ring of poison resistance

@: studying 2 skills, quick
A: very small, claws 1, fangs 3, see invisible, speed 1, shaggy fur 2, stealthy
paws, no weapons or thrown items, no armour, multi-lived
a: Renounce Religion


You were on level 11 of the Dungeon.
You worshipped Vehumet.
Vehumet was aware of your devotion.
You visited 3 branches of the dungeon, and saw 14 of its levels.

You collected 730 gold pieces.

Inventory:

Jewellery
 g - a ring of magical power (left paw)
 m - a ring of poison resistance (right paw)
 s - a ring of fire
Wands
 d - a wand of digging (15)
 e - a wand of polymorph (8)
 l - a wand of flame (29)
 n - a wand of acid (3)
 p - a wand of iceblast (6)
Scrolls
 b - 5 scrolls of silence
 o - a scroll of fear
 q - 2 scrolls of amnesia
 t - 4 scrolls of teleportation
 w - a scroll of identify
Potions
 a - 3 potions of might
 c - a potion of lignification
 f - 2 potions of mutation
 h - 4 potions of heal wounds
 i - 2 potions of haste
 j - 5 potions of curing
 k - a potion of brilliance {unknown}
 u - a potion of magic {unknown}
 x - a potion of cancellation {unknown}
 z - a potion of invisibility {unknown}
Miscellaneous
 r - a box of beasts


   Skills:
 - Level 6.0 Fighting
 - Level 10.0 Dodging
 - Level 6.0 Stealth
 - Level 10.0 Unarmed Combat
 + Level 4.3 Spellcasting
 + Level 6.8 Conjurations
 - Level 4.0 Summonings
 - Level 1.5 Translocations
 + Level 2.8 Fire Magic
 - Level 4.0 Air Magic
 + Level 2.8 Poison Magic
 - Level 4.0 Evocations


You had one spell level left.
You knew the following spells:

 Your Spells              Type           Power      Damage    Failure   Level
a - Magic Dart            Conj           100%       1d8       1%          1
b - Call Imp              Summ           18%        N/A       4%          2
c - Blink                 Tloc           N/A        N/A       12%         2
d - Shock                 Conj/Air       92%        1d8       1%          1
e - Static Discharge      Conj/Air       23%        N/A       2%          2
f - Poisonous Vapours     Pois/Air       32%        N/A       5%          2
g - Mephitic Cloud        Conj/Pois/Air  20%        N/A       7%          3
h - Conjure Flame         Conj/Fire      21%        6-21      6%          3

Your spell library contained the following spells:

 Spells                   Type           Power      Damage    Failure   Level
 Searing Ray              Conj           56%        3d5       1%          2
 Ignite Poison            Fire/Tmut/Pois 10%        N/A       19%         3
 Sticky Flame             Conj/Fire      21%        2d4       19%         4
 Slow                     Hex            3%         N/A       22%         2
 Gell's Gravitas          Tloc           4%         N/A       22%         3
 Teleport Other           Tloc           9%         N/A       22%         3
 Lightning Bolt           Conj/Air       11%        1d24      41%         5
 Freezing Cloud           Conj/Ice/Air   8%         6-21      65%         5
 Dispersal                Tloc           4%         N/A       100%        6
 Maxwell's Capacitive Co  Air            9%         ∞         100%        8


Dungeon Overview and Level Annotations

Branches:
Dungeon (12/15)            Temple (1/1) D:5            Lair (1/6) D:11
    Orc: D:9-12

Altars:
Ashenzari
Cheibriados
Dithmenos
Elyvilon
Fedhas
Gozag
Hepliaklqana
Kikubaaqudgha
Makhleb
Nemelex Xobeh
Okawaru
Qazlal
Ru
Sif Muna
Trog
Uskayaw
Vehumet
Wu Jian
Xom
Yredelemnul
Zin
The Shining One

Annotations:
D:7 exclusion: 2 doors
D:10 exclusion: 2 two-headed ogres
D:12 exclusion: 3 wraiths, Jorgrun, Josephine


Innate Abilities, Weirdness & Mutations

You have sharp claws.
You have razor-sharp teeth.
You have supernaturally acute eyesight. (SInv)
You cover ground quickly. (Speed+)
You are covered in thick fur. (AC +2)
Your paws help you pounce on unaware monsters.
You are incapable of wielding weapons or throwing items.
You cannot wear armour.
You gain extra lives every three experience levels.


Message History

You see here a +0 dagger.
Casting: Conjure Flame (dangerous; 6% risk of failure)
Confirm with . or Enter, or press ? or * to list all spells.
The cane toad is struck by an arc of lightning!
The cane toad is moderately wounded.
You are struck by an arc of lightning.
* * * LOW HITPOINT WARNING * * *
The cane toad is struck by an arc of lightning.
The cane toad is heavily wounded.
The lightning grounds out.
The cane toad barely misses you.
Unknown command.
Casting: Static Discharge (safe; 2% risk of failure)
Confirm with . or Enter, or press ? or * to list all spells.
The cane toad is struck by an arc of lightning.
The cane toad is heavily wounded.
You are struck by an arc of lightning.
* * * LOW HITPOINT WARNING * * *
The lightning grounds out.
The cane toad stings you!
* * * LOW HITPOINT WARNING * * *
Unknown command.
Unknown command.
Casting: Static Discharge (safe; 2% risk of failure)
Confirm with . or Enter, or press ? or * to list all spells.
Really attack your crimson imp?
Okay, then.
Unknown command.
Casting: Static Discharge (safe; 2% risk of failure)
Confirm with . or Enter, or press ? or * to list all spells.
Really attack your crimson imp?
Okay, then.
Unknown command.
You closely miss the cane toad.
The cane toad is heavily wounded.
The cane toad misses you.
Unknown command.
You closely miss the cane toad.
The cane toad is heavily wounded.
Your crimson imp blinks!
The cane toad stings you!
You die...

.).......##.# #.# #.# #.#
.........##.# #.###.####.#
#.......#...# #.[........#
#...)...#...#### ##..##)###..#
##..5..##......# ##...##.# #..#
###...#####.##.# #..>(.#.###..#
#.##.##.# #.##.# ##...##......#
#.##.55.###.##.####.......##.##
#.#####.5.#5...F@.....###.##.#
#.# #.#.####§####..## #.##.# #.#
#.#.####.# #..####.##.# ..#
#...5..).# ##.......##.# ###
###.########.....#####.### ##
#..## ##.......## #.#.##
.########...####.........###....#
.^.............'.........'.......
...##.###...####.........####....


You could see a cane toad (ally target) and a friendly crimson imp (summoned).

Vanquished Creatures
  3 two-headed ogres (D:11)
  An ugly thing (D:11)
  A cyclops (D:11)
  Maurice (D:9)
  An unseen horror (D:5)
  3 kobold demonologists
  An efreet (D:10)
  A meliai zombie (D:11)
  A shadow (D:12)
  A wraith (D:9)
  10 yaks
  A wyvern (D:8)
  Eustachio (D:6)
  3 wargs
  A water moccasin (D:8)
  3 orc warriors
  An ice beast (D:5)
  8 centaurs
  A kobold brigand (D:10)
  A phantom (D:7)
  4 bullfrogs
  2 gnoll sergeants
  A scorpion (D:5)
  3 water moccasin skeletons
  6 killer bees
  2 howler monkeys
  A crimson imp (D:3)
  3 centaur zombies
  A gnoll shaman (D:4)
  3 orc priests
  Crazy Yiuf (D:4)
  2 centaur skeletons (D:7)
  2 jellies
  9 orc wizards
  A howler monkey zombie (D:7)
  11 gnolls
  5 adders
  A white imp (D:6)
  2 ufetubi
  A dart slug (D:1)
  22 orcs
  7 ball pythons
  4 endoplasms
  2 giant cockroaches
  6 goblins
  4 hobgoblins
  2 jackals
  10 kobolds
  3 quokkas
  3 bats
  4 frilled lizards
  2 rats
174 creatures vanquished.

Vanquished Creatures (collateral kills)
  A two-headed ogre (D:11)
  A yak (D:10)
  A sky beast (D:5)
  A necrophage (D:6)
  A bullfrog (D:5)
  A kobold brigand (D:7)
  2 water moccasin zombies
  2 scorpions
  2 jellies
  A bullfrog skeleton (D:5)
  An orc priest (D:5)
  2 iguanas
  An orc wizard (D:4)
  4 gnolls
  4 adders
  A shadow imp (D:6)
  2 white imps
  6 orcs
  An endoplasm (D:2)
  A goblin (D:4)
  6 jackals
  2 kobolds (D:7)
  A ball python (D:3)
  2 bats (D:2)
47 creatures vanquished.

Vanquished Creatures (others)
  A plant (D:11)
1 creature vanquished.

Grand Total: 222 creatures vanquished

Notes
Turn   | Place    | Note
-------+----------+-------------------------------------------
     0 | D:1      | tilp the Felid Hedge Wizard began the quest for the Orb.
     0 | D:1      | Reached XP level 1. HP: 7/7 MP: 5/5
   469 | D:1      | Reached skill level 1 in Unarmed Combat
   721 | D:1      | Reached XP level 2. HP: 11/12 MP: 7/7
   767 | D:1      | Learned a level 2 spell: Call Imp
   770 | D:1      | Learned a level 2 spell: Blink
  1016 | D:1      | Reached skill level 1 in Fighting
  1439 | D:2      | Found an iron altar of Okawaru.
  1884 | D:2      | Reached XP level 3. HP: 15/15 MP: 5/8
  2771 | D:3      | Found a faded altar of an unknown god.
  2906 | D:3      | Reached XP level 4. HP: 19/19 MP: 0/9
  3459 | D:3      | Noticed Grinder
  5162 | D:4      | Reached XP level 5. HP: 6/22 MP: 1/10
  6342 | D:4      | Found a runed translucent door.
  6343 | D:4      | Noticed Crazy Yiuf
  6543 | D:5      | Entered Level 5 of the Dungeon
  6784 | D:5      | Noticed an ice beast
  7528 | D:5      | Gained mutation: You are covered in thick fur. (AC +2)
                  | [Felid growth]
  7528 | D:5      | Reached XP level 6. HP: 20/26 MP: 5/11
  8074 | D:4      | Reached skill level 5 in Dodging
  8753 | D:5      | Found a staircase to the Ecumenical Temple.
  8803 | Temple   | Entered the Ecumenical Temple
  8973 | Temple   | Became a worshipper of Vehumet
  9475 | D:5      | Noticed a sky beast
  9820 | D:5      | Reached XP level 7. HP: 30/30 MP: 8/12
 10519 | D:5      | Found a stormy altar of Qazlal.
 10526 | D:5      | Found an ancient bone altar of Kikubaaqudgha.
 10752 | D:6      | Noticed Eustachio
 11137 | D:5      | Reached skill level 5 in Stealth
 11504 | D:6      | Noticed an unseen horror
 11712 | D:6      | Reached skill level 1 in Conjurations
 13033 | D:7      | Reached * piety under Vehumet
 13033 | D:7      | Offered knowledge of Shock by Vehumet.
 13789 | D:7      | Reached XP level 8. HP: 25/33 MP: 13/13
 13869 | D:7      | Learned a level 1 spell: Shock
 13888 | D:7      | Found a sacrificial altar of Ru.
 14045 | D:7      | Learned a level 2 spell: Static Discharge
 14925 | D:7      | Reached skill level 5 in Unarmed Combat
 15783 | D:8      | Found a glowing golden altar of the Shining One.
 16133 | D:8      | Found a snail-covered altar of Cheibriados.
 16236 | D:9      | Reached skill level 10 in Dodging
 16337 | D:9      | Reached XP level 9. HP: 39/39 MP: 14/14
 16368 | D:9      | Noticed Maurice
 16415 | D:9      | Reached skill level 1 in Evocations
 16519 | D:9      | Noticed a kobold demonologist
 16519 | D:9      | Noticed a kobold demonologist
 16708 | D:9      | Noticed a soul eater
 17002 | D:9      | Noticed a sixfirhy
 17257 | D:9      | Identified the +5 hunting sling of Jeciploi {flame, Int+2}
 17350 | D:9      | Reached skill level 1 in Air Magic
 17432 | D:9      | Noticed an ice devil
 17437 | D:9      | Noticed an ice devil
 17450 | D:9      | Noticed a hellwing
 17450 | D:9      | Killed a kobold demonologist
 17455 | D:9      | Noticed a smoke demon
 17458 | D:9      | Killed a kobold demonologist
 19232 | D:9      | Learned a level 2 spell: Poisonous Vapours
 19270 | D:10     | Entered Level 10 of the Dungeon
 19389 | D:10     | Reached skill level 5 in Conjurations
 19618 | D:10     | Noticed a two-headed ogre
 19748 | D:10     | Noticed an efreet
 19821 | D:10     | Noticed a two-headed ogre
 20055 | D:10     | Paralysed by an orc warrior for 5 turns
 20829 | D:10     | Killed from afar by an efreet
 20830 | D:10     | Reached XP level 8. HP: -17/36 MP: 20/24
 20842 | D:10     | Killed an efreet
 21089 | D:10     | Reached XP level 9. HP: 28/39 MP: 16/16
 22597 | D:10     | Reached skill level 5 in Fighting
 23145 | D:11     | Noticed a two-headed ogre
 23145 | D:11     | Noticed a green ugly thing
 23412 | D:5      | Slain by an unseen horror
 23413 | D:5      | Reached XP level 8. HP: 0/37 MP: 7/24
 23435 | D:5      | Killed an unseen horror
 23741 | D:3      | Noticed Grinder
 23741 | D:3      | Grinder changed into Grinder the crimson imp
 23753 | D:3      | Killed Grinder the crimson imp
 23754 | D:3      | Reached XP level 9. HP: 40/40 MP: 16/16
 23916 | D:3      | Found a faded altar of an unknown god.
 24118 | D:4      | Killed Crazy Yiuf
 24768 | D:6      | Killed Eustachio
 24996 | D:10     | Learned a level 3 spell: Mephitic Cloud
 25000 | D:10     | Learned a level 3 spell: Conjure Flame
 25008 | D:11     | Noticed a two-headed ogre
 25390 | D:11     | Killed a two-headed ogre
 27261 | D:11     | Found a staircase to the Lair.
 27338 | D:11     | Killed a two-headed ogre
 27339 | D:11     | Reached XP level 10. HP: 42/45 MP: 13/17
 28003 | D:11     | Noticed a two-headed ogre
 28018 | D:11     | Killed a two-headed ogre
 28018 | D:11     | Noticed a two-headed ogre
 28019 | D:11     | Reached skill level 10 in Unarmed Combat
 28067 | D:11     | Killed a two-headed ogre
 28068 | D:11     | Reached skill level 1 in Fire Magic
 28068 | D:11     | Reached skill level 1 in Poison Magic
 28219 | D:11     | Noticed a cyclops
 28232 | D:11     | Killed a cyclops
 28386 | D:11     | Killed a purple ugly thing
 28658 | D:12     | Offered knowledge of Searing Ray by Vehumet.
 28683 | D:12     | Noticed Josephine
 28824 | D:12     | Noticed Jorgrun
 29230 | D:12     | Noticed a cyclops
 29238 | D:12     | Hit by a large rock thrown by a cyclops
 29239 | D:12     | Reached XP level 9. HP: -1/41 MP: 25/25
 29464 | D:9      | Killed Maurice
 29465 | D:9      | Reached XP level 10. HP: 45/45 MP: 17/17
 29544 | Lair:1   | Entered Level 1 of the Lair of Beasts
 29544 | Lair:1   | Noticed a cane toad
 29546 | Lair:1   | Noticed an eight-headed hydra
 29581 | D:11     | Mangled by a cane toad

Illustrated notes

Levels and vault maps discovered:
D:1:      dpeg_arrival_castle, layout_basic
D:2:      layout_loops_ring, basic_altar, chequers_arboretum
D:3:      layout_rooms, hellmonk_ecumenical_altar_crossroads, st_stairs_11,
          uniq_grinder
D:4:      layout_basic, uniq_crazy_yiuf_cottage
D:5:      minmay_razor_zed, layout_rooms, mainiacjoe_overflow_big_doors,
          minmay_temple_entry_ruins, nrook_uturn
D:6:      layout_basic, minmay_manual_maat, uniq_eustachio
D:7:      layout_loops_ring, nicolae_ru_sacrificial_ziggurat,
          kennysheep_generic_room_4
D:8:      layout_rooms, kennysheep_little_box,
          mainiacjoe_overflow_six_doors_small
D:9:      layout_loops_ring, roderic_lattice_a, minivault_5, corner_web_ring,
          dk_rats_in_the_wall, uniq_maurice
D:10:     layout_irregular_city
D:11:     layout_loops_corners, erik_lair_orcish_takeover
D:12:     layout_roguey, minmay_orc_entry_temple_small, uniq_jorgrun,
          uniq_josephine
Temple:   minmay_crystal_spiral_temple
Lair:1:   layout_gridlike, minivault_11, grunt_megastairs_2,
          minmay_lair_oklob_chamber

Skill      XL: |  1  2  3  4  5  6  7  8  9 10 |
---------------+-------------------------------+-----
Unarmed Combat | 1 2 4 7 9 10 | 10.0
Fighting       | 1 2 4 6 |  6.0
Stealth        | 3 4 6 |  6.0
Dodging        | 4 7 8 10 | 10.0
Conjurations   | 3 4 6 |  6.8
Summonings     | 2 4 |  4.0
Evocations     | 4 3 |  4.0
Air Magic      | 3 4 |  4.0
Spellcasting   | 4 |  4.3
Fire Magic     | 2 |  2.8
Poison Magic   | 2 |  2.8
Translocations | |  1.5

Action                   |  1- 3 |  4- 6 |  7- 9 | 10-12 || total
-------------------------+-------+-------+-------+-------++-------
Melee: Unarmed           |    51 |   149 |   257 |    84 ||   541
       Bite              |     5 |    20 |    25 |    13 ||    63
       Punch             |       |     3 |     8 |     2 ||    13
 Cast: Magic Dart        |    46 |    27 |    78 |       ||   151
       Call Imp          |    12 |    78 |   114 |     5 ||   209
       Blink             |       |     8 |    25 |     2 ||    35
       Shock             |       |       |    96 |       ||    96
       Static Discharge  |       |       |    50 |     2 ||    52
       Poisonous Vapours |       |       |   109 |    15 ||   124
       Conjure Flame     |       |       |     6 |     3 ||     9
       Mephitic Cloud    |       |       |     5 |    13 ||    18
Evoke: Wand              |       |       |     7 |     1 ||     8
       Box of beasts     |       |       |     1 |       ||     1
  Use: Scroll            |     4 |     4 |     7 |     3 ||    18
       Potion            |       |       |     1 |       ||     1
 Stab: Sleeping          |     2 |     1 |     3 |     1 ||     7
       Distracted        |       |     2 |     7 |       ||     9
       Paralysed         |       |       |     2 |       ||     2
       Confused          |       |       |     1 |     5 ||     6
Armor: Skin              |     4 |     7 |    31 |     2 ||    44
Dodge: Dodged            |    39 |   151 |   405 |    66 ||   661

Table legend: (Time is in decaauts)
 A = Elapsed time spent in this place.
 B = Non-inter-level travel time spent in this place.
 C = Inter-level travel time spent in this place.
 D = Time resting spent in this place.
 E = Time spent auto-exploring this place.
 F = Levels seen in this place.
 G = Mean time per level.
                   A        B        C        D        E       F      G
               +--------+--------+--------+--------+--------+-----+--------+
         Total |  27260 |  25721 |   1539 |  13109 |   9178 |  14 | 1947.1 |
       Dungeon |  27080 |  25609 |   1471 |  13109 |   9077 |  12 | 2256.7 |
        Temple |    170 |    102 |     68 |      0 |    100 |   1 |  170.0 |
          Lair |      9 |      9 |      0 |      0 |      0 |   1 |    9.0 |
               +--------+--------+--------+--------+--------+-----+--------+

Top non-repeatable levels by time:
    D:10: 4142 daAuts
     D:5: 3860 daAuts
     D:4: 3363 daAuts
     D:9: 2699 daAuts
    D:11: 2618 daAuts
     D:2: 1922 daAuts
     D:3: 1769 daAuts
     D:6: 1717 daAuts
     D:8: 1643 daAuts
     D:7: 1561 daAuts
     D:1: 1143 daAuts
    D:12: 638 daAuts
  Temple: 170 daAuts
  Lair:1: 9 daAuts
